 Dungeon Crawl Stone Soup version 0.29-a0-275-g389c0b56f3 (webtiles) character file.

Game seed: 10893848428983577362

22 Hubjo the Vexing (level 2, -3/21 HPs)
             Began as a Demonspawn Enchanter on Mar 11, 2022.
             Was a Believer of Lugonu.
             Slain by a gnoll
             ... wielding a +2 flail of holy wrath
              (12 damage)
             ... on level 1 of the Dungeon on Mar 12, 2022.
             The game lasted 00:02:08 (1516 turns).

Hubjo the Vexing (Demonspawn Enchanter)             Turns: 1516, Time: 00:02:09

Health: -3/21      AC:  2    Str:  8    XL:     2   Next: 68%
Magic:  5/5        EV: 12    Int: 16    God:    Lugonu [**....]
Gold:   42         SH:  0    Dex: 13    Spells: 5/5 levels left

rFire   . . .      SeeInvis .   a - +1 dagger
rCold   . . .      Faith    .   (no shield)
rNeg    . . .      Spirit   .   b - +0 robe
rPois   .          Reflect  .   (no helmet)
rElec   .          Harm     .   (no cloak)
rCorr   .          Rampage  .   (no gloves)
Will    .....                   (no boots)
Stlth   ++........              (no amulet)
HPRegen 0.07/turn               (no ring)
MPRegen 0.09/turn               (no ring)

@: no status effects
A: powered by death 1
a: Renounce Religion, Depart the Abyss, Bend Space


You were on level 1 of the Dungeon.
You worshipped Lugonu.
Lugonu was pleased with you.
You visited 1 branch of the dungeon, and saw 1 of its levels.

You collected 42 gold pieces.

Inventory:

Hand Weapons
 a - a +1 dagger (weapon)
Armour
 b - a +0 robe (worn)
Scrolls
 d - a scroll of teleportation {unknown}
Potions
 c - 2 potions of invisibility
 e - a potion of ambrosia {unknown}
 f - a potion of resistance {unknown}
 g - a potion of curing {unknown}


   Skills:
 * Level 1.1 Fighting
 - Level 0.8 Short Blades
 - Level 1.7 Dodging
 * Level 3.1 Stealth
 + Level 2.2 Spellcasting
 + Level 3.2 Hexes


You had 5 spell levels left.
You didn't know any spells.
Your spell library contained the following spells:

 Spells                   Type           Power      Damage    Failure   Level
 Ensorcelled Hibernation  Hex/Ice        12%        N/A       16%         2
 Confusing Touch          Hex            12%        N/A       16%         3
 Tukima's Dance           Hex            12%        N/A       16%         3
 Dazzling Flash           Conj/Hex       12%        N/A       32%         3


Dungeon Overview and Level Annotations

Branches:
Dungeon (1/15)

Altars:
Lugonu


Innate Abilities, Weirdness & Mutations

You regenerate a little health from kills.


Message History

The great orb of eyes pulsates ominously.
You see here a +0 short sword.
There is a faded altar of an unknown god here.
You cannot tell which god this altar belongs to.
Convert to them anyway?
Lugonu accepts your prayer! Lugonu welcomes you!
You can now depart the Abyss.
You can now bend space around yourself.
g - a murky black potion
There is a corrupted altar of Lugonu here.
The eye of devastation pulsates ominously.
A gnoll comes into view.
It is wielding a +2 flail of holy wrath.
A gnoll is nearby!
A gnoll is nearby!
A gnoll is nearby!
A gnoll is nearby!
Found 10 gold pieces.
You hit the gnoll.
The gnoll is lightly wounded.
The gnoll closely misses you.
You hit the gnoll but do no damage.
The gnoll is lightly wounded.
The gnoll hits you with a +2 flail of holy wrath.
You convulse.
You hit the gnoll.
The gnoll is moderately wounded.
The gnoll hits you with a +2 flail of holy wrath!
You convulse.
You are too injured to fight recklessly!
You are too injured to fight recklessly!
A gnoll is nearby!
A gnoll is nearby!
The gnoll closely misses you.
You closely miss the gnoll.
The gnoll is moderately wounded.
The gnoll barely misses you.
You hit the gnoll but do no damage.
The gnoll is moderately wounded.
The gnoll hits you with a +2 flail of holy wrath!
Ouch! That really hurt!
You die...

########## #........#
#### #........#
#######... #....g...#
#......... #.$..@...#
#.###...##
#........####.#G#...#G
#.............###...##
#..................)..
#................._...
.......................
#...............###...##
#...####........#G#...#G
.. #.#......###...##


You could see a gnoll.

Vanquished Creatures
  2 endoplasms (D:1)
  2 giant cockroaches (D:1)
  3 goblins (D:1)
  2 hobgoblins (D:1)
  3 ball pythons (D:1)
  A bat (D:1)
  4 frilled lizards (D:1)
  3 kobolds (D:1)
20 creatures vanquished.

Notes
Turn   | Place    | Note
-------+----------+-------------------------------------------
     0 | D:1      | Hubjo the Demonspawn Enchanter began the quest for the Orb.
     0 | D:1      | Reached XP level 1. HP: 13/13 MP: 3/3
   696 | D:1      | Gained mutation: You regenerate a little health from kills.
                  | [demonic ancestry]
   696 | D:1      | Reached XP level 2. HP: 11/20 MP: 5/5
  1379 | D:1      | Reached skill level 1 in Fighting
  1456 | D:1      | Noticed a great orb of eyes
  1458 | D:1      | Found a faded altar of an unknown god.
  1460 | D:1      | Noticed a great orb of eyes
  1460 | D:1      | Noticed an eye of devastation
  1460 | D:1      | Noticed a floating eye
  1481 | D:1      | Prayed at the altar of an unknown god.
  1481 | D:1      | Became a worshipper of Lugonu the Unformed
  1481 | D:1      | Reached * piety under Lugonu
  1481 | D:1      | Reached ** piety under Lugonu
  1516 | D:1      | Slain by a gnoll

Illustrated notes

Levels and vault maps discovered:
D:1:      erik_arrival_cave_to_civilisation [erik_arrival_cave_to_temple],
          layout_basic, hellmonk_ecumenical_altar_watching_god,
          chequers_serial_rivers_room_b, minmay_misc_feat_encased

Skill      XL: |  1  2 |
---------------+-------+-----
Stealth        | 3 |  3.1
Fighting       | 1 |  1.1
Short Blades   | |  0.8
Dodging        | |  1.7
Spellcasting   | |  2.2
Hexes          | |  3.2

Action                   || total
-------------------------++-------
Melee: Dagger            ||    87
 Stab: Sleeping          ||     1
Armor: Robe              ||     8
Dodge: Dodged            ||    50

Table legend: (Time is in decaauts)
 A = Elapsed time spent in this place.
 B = Non-inter-level travel time spent in this place.
 C = Inter-level travel time spent in this place.
 D = Time resting spent in this place.
 E = Time spent auto-exploring this place.
 F = Levels seen in this place.
 G = Mean time per level.
                   A        B        C        D        E       F      G
               +--------+--------+--------+--------+--------+-----+--------+
         Total |   1517 |   1517 |      0 |      0 |   1306 |   1 | 1517.0 |
       Dungeon |   1517 |   1517 |      0 |      0 |   1306 |   1 | 1517.0 |
               +--------+--------+--------+--------+--------+-----+--------+

Top non-repeatable levels by time:
     D:1: 1517 daAuts
